 Dungeon Crawl Stone Soup version 0.25-a0-1133-g93ebf739aa (webtiles) character file.

Game seed: 4799919266814588587, levelgen mode: deterministic

60176 vurker the Brawler (level 14, -7/125 HPs)
             Began as a Ghoul Warper on May 22, 2020.
             Was a High Priest of Makhleb.
             Mangled by a two-headed ogre
             ... wielding a +0 giant spiked club
              (23 damage)
             ... on level 1 of the Orcish Mines.
             The game lasted 00:55:52 (29588 turns).

vurker the Brawler (Ghoul Warper)                  Turns: 29588, Time: 00:55:52

Health: -7/125     AC: 12    Str: 15    XL:     14   Next: 98%
Magic:  21/21      EV:  9    Int:  8    God:    Makhleb [*****.]
Gold:   1335       SH: 20    Dex:  8    Spells: 16/16 levels left

rFire    + . .     SeeInvis .     - Unarmed
rCold    + + +     Gourm    .   v - +0 tower shield
rNeg     + + +     Faith    .   O - +1 ring mail "Coon" {*Contam rC++ MR+++ Str-5}
rPois    ∞         Spirit   .   s - +0 helmet
rElec    .         Reflect  +   C - +0 cloak (curse)
rCorr    .         Harm     .   (no gloves)
MR       ++++.                  w - +0 pair of boots
Stlth    ..........             f - amulet of reflection
HPRegen  0.00/turn              n - ring of protection from fire
MPRegen  0.17/turn              (no ring)

@: rotting
A: rotting body, claws 1, carnivore, cold resistance 1, negative energy
resistance 3, inhibited regeneration, torment resistance, unbreathing
a: Minor Destruction, Lesser Servant of Makhleb, Major Destruction, Greater
Servant of Makhleb, Renounce Religion


You were on level 1 of the Orcish Mines.
You worshipped Makhleb.
Makhleb was extremely pleased with you.
You were not hungry.

You visited 3 branches of the dungeon, and saw 20 of its levels.
You also visited: Ice Cave.

You collected 1653 gold pieces.
You spent 318 gold pieces at shops.

Inventory:

Armour
 s - a +0 helmet (worn)
   (You took it off Robin on level 4 of the Dungeon)
 v - a +0 tower shield (worn)
   (You bought it in a shop on level 7 of the Dungeon)
 w - a +0 pair of boots (worn)
   (You bought it in a shop on level 7 of the Dungeon)
 C - a cursed +0 cloak (worn)
   (You found it on level 8 of the Dungeon)
 J - a +0 pair of gloves
   (You found it on level 5 of the Dungeon)
 O - the +1 ring mail "Coon" (worn) {*Contam rC++ MR+++ Str-5}
   (You found it on level 6 of the Lair of Beasts)

   It affects your strength (-5).
   It greatly protects you from cold.
   It affects your resistance to hostile enchantments.
   It causes magical contamination when unequipped.
Jewellery
 f - an amulet of reflection (around neck)
   (You found it on level 1 of the Dungeon)
 n - a ring of protection from fire (left claw)
   (You found it on level 6 of the Dungeon)
 N - an uncursed ring of fire
   (You found it on level 7 of the Dungeon)
Wands
 c - a wand of disintegration (11)
   (You found it on level 11 of the Dungeon)
 d - a wand of iceblast (3)
   (You found it on level 2 of the Lair of Beasts)
 m - a wand of polymorph (17)
   (You found it on level 10 of the Dungeon)
 t - a wand of flame (57)
   (You found it on level 8 of the Dungeon)
 u - a wand of paralysis (12)
   (You found it on level 3 of the Lair of Beasts)
 x - a wand of acid (11)
   (You found it on level 1 of the Lair of Beasts)
 F - a wand of clouds (11)
   (You found it on level 8 of the Dungeon)
 Q - a wand of enslavement (7)
   (You found it on level 6 of the Lair of Beasts)
Scrolls
 a - 5 scrolls of enchant armour {unknown}
 b - 4 scrolls of teleportation
 h - a scroll of holy word {unknown}
 j - 5 scrolls of fog
 l - 2 scrolls of magic mapping
 o - a scroll of immolation
 y - 5 scrolls of fear {unknown}
 z - 2 scrolls of identify
 E - 4 scrolls of amnesia {unknown}
 H - 4 scrolls of vulnerability {unknown}
 I - 6 scrolls of remove curse
 K - a scroll of random uselessness {unknown}
 L - a scroll of silence {unknown}
Potions
 i - 2 potions of degeneration {unknown}
 k - 8 potions of curing
 p - 3 potions of heal wounds
 q - a potion of flight
 r - 3 potions of resistance
 A - 3 potions of might
 B - 3 potions of ambrosia
 D - a potion of cancellation {unknown}
 G - 3 potions of haste
Miscellaneous
 M - a box of beasts
Comestibles
 e - 40 rations
 g - 17 chunks of flesh


   Skills:
 + Level 11.8 Fighting
 - Level 0.8 Throwing
 + Level 9.9 Armour
 - Level 5.0 Dodging
 + Level 8.7 Shields
 * Level 16.0 Unarmed Combat
 - Level 1.7 Spellcasting
   Level 2.6 Translocations
 + Level 11.3 Invocations


You had 16 spell levels left.
You didn't know any spells.
Your spell library contained the following spells:

 Spells                   Type           Power        Failure   Level  Hunger
 Blink                    Tloc           N/A          95%         2    ###....
 Animate Skeleton         Necr           N/A          99%         1    ##.....
 Freeze                   Ice            #...         99%         1    ##.....
 Magic Dart               Conj           #...         99%         1    ##.....
 Pain                     Necr           #...         99%         1    ##.....
 Shroud of Golubria       Chrm/Tloc      #.....       99%         2    ###....
 Gell's Gravitas          Tloc           #.........   99%         3    ####...
 Lesser Beckoning         Tloc           #.........   99%         3    ####...
 Teleport Other           Tloc           #.......     99%         3    ####...
 Searing Ray              Conj           #.....       100%        2    ###....
 Sticks to Snakes         Tmut           #.......     100%        2    ###....
 Confusing Touch          Hex            #.......     100%        3    ####...
 Dazzling Flash           Conj/Hex       #.....       100%        3    ####...
 Frozen Ramparts          Ice            #.....       100%        3    ####...
 Ozocubu's Armour         Chrm/Ice       #.......     100%        3    ####...
 Vampiric Draining        Necr           #.........   100%        3    ####...
 Animate Dead             Necr           N/A          100%        4    #####..
 Fulminant Prism          Conj/Hex       #.........   100%        4    #####..
 Hailstorm                Conj/Ice       #.......     100%        4    #####..
 Iskenderun's Mystic Bla  Conj/Tloc      #.......     100%        4    #####..
 Passage of Golubria      Tloc           N/A          100%        4    #####..
 Petrify                  Tmut/Erth      #.......     100%        4    #####..
 Summon Ice Beast         Ice/Summ       #.......     100%        4    #####..
 Agony                    Necr           #.......     100%        5    ######.
 Metabolic Englaciation   Hex/Ice        #.........   100%        5    ######.
 Yara's Violent Unravell  Hex/Tmut       #.........   100%        5    ######.
 Beastly Appendage        Tmut           Unusable     N/A         1    N/A
 Spider Form              Tmut/Pois      Unusable     N/A         3    N/A
 Ice Form                 Ice/Tmut       Unusable     N/A         4    N/A
 Blade Hands              Tmut           Unusable     N/A         5    N/A

Dungeon Overview and Level Annotations

Branches:
Dungeon (12/15)            Temple (0/1) D:4            Lair (6/6) D:9
 Shoals (0/4) Lair:4        Snake (0/4) Lair:3        Slime (0/5) Lair:6
    Orc (2/2) D:12            Elf (0/3) Orc:2         IceCv (visited)

Altars:
Ashenzari
Elyvilon
Kikubaaqudgha
Makhleb
Nemelex Xobeh
Okawaru
Qazlal
Sif Muna
Uskayaw
Yredelemnul

Shops:
D:5 (   D:6 *   D:7 !*[}[   D:12 *%   Orc:1 *

Annotations:
D:6 exclusion: door
D:9 2 transporters, Lineinam's ghost, novice DrCj


Innate Abilities, Weirdness & Mutations

Your body is rotting away.
You thrive on raw meat.
You are immune to poison.
You have sharp fingernails.
You are carnivorous and can eat meat at any time.
Your flesh is cold resistant. (rC+)
You are immune to negative energy. (rN+++)
You do not regenerate when monsters are visible.
You are immune to unholy pain and torment.
You can survive without breathing.


Message History

The ogre struggles to resist.
The ogre barely misses you.
Your Executioner gestures at the ogre.
The ogre writhes in agony.
A stone giant comes into view.
Your shield and ring mail "Coon" prevent you from hitting the ogre.
Your Executioner hits the ogre. x3; Your Executioner hits the ogre!
The ogre dies!
Makhleb accepts your kill.
The stone giant throws a large rock.
The large rock hits you!!
* * * LOW HITPOINT WARNING * * *
You see here a large rock.
What are your orders? t - Shout!
Orders for allies: a - Attack new target. r - Retreat! s - Stop attacking. g - Guard the area. f - Follow me.
Anything else - Cancel.
Gang up on whom?
Aim: a stone giant, quivering 3 large rocks Attack!
A two-headed ogre comes into view.
It is wielding a +0 giant spiked club and a +0 giant club.
Your Executioner hits the stone giant. x2
Your Executioner hits the stone giant but does no damage.
The stone giant throws a large rock.
The large rock hits your Executioner!!!
Your Executioner dies!
Unknown command.
The stone giant throws a large rock.
The large rock barely misses you.
The stone giant throws a large rock.
The large rock hits you!
* * * LOW HITPOINT WARNING * * *
You see here 2 large rocks.
An ogre comes into view. It is wielding a +0 giant club.
The ogre shouts!
You hear a shout!
You block the ogre's attack.
An ogre comes into view. It is wielding a +0 giant club.
An ogre comes into view. It is wielding a +0 giant club.
The ogre shouts!
There is a stone staircase leading up here.
You block the two-headed ogre's attack. x2
The ogre hits you with a +0 giant club!
* * * LOW HITPOINT WARNING * * *
You climb upwards.
There is a stone staircase leading down here.
Unknown command.
Unknown command.
You scratch the two-headed ogre. You scratch the two-headed ogre.
You block the ogre's attack.
The two-headed ogre hits you with a +0 giant spiked club!!
* * * LOW HITPOINT WARNING * * *
The two-headed ogre hits you with a +0 giant club!!
You die...

##.##........#.....##.........
######.........#...####....##.#
##.#.##...[..[......##.#....####
#.....#......................#
##......[...................##
###.....#.................##
##....[..............##.##
#...........O............##
##..........[@............#
##..........O......#.....##
##..........#.......#...###
#....##......##....#...##
##............##....#.##
###.##......#####>####
###......## ### ##..#### ####


You could see a two-headed ogre and an ogre.

Vanquished Creatures
  2 dire elephants (Lair:6)
  3 hydras
  An anaconda (Lair:6)
  An ogre mage (Orc:2)
  3 two-headed ogres
  3 death yaks
  A fire crab (Lair:4)
  2 lindwurms (Lair:2)
  2 orc knights
  A wolf spider zombie (D:11)
  4 ugly things
  An orc sorcerer (Orc:1)
  7 elephants
  A merfolk siren (Lair:4)
  3 black mambas
  Psyche (D:11)
  2 torpor snails
  An ice statue (IceCv)
  10 spiny frogs
  2 ice devils (Orc:2)
  8 komodo dragons
  3 trolls
  A hornet (Lair:2)
  Grinder (D:6)
  8 blink frogs
  A queen bee (D:8)
  10 hippogriffs
  4 wraiths
  A vampire (D:12)
  20 yaks
  3 hogs
  4 hungry ghosts
  A wyvern (D:8)
  Menkaure (D:4)
  3 basilisks
  3 wargs
  4 nagas (Lair:3)
  A soldier ant (D:12)
  Edmund (D:6)
  A two-headed ogre zombie (D:12)
  12 porcupines
  Duvessa (D:6)
  15 water moccasins
  2 sky beasts
  9 ice beasts
  2 phantoms
  10 orc warriors
  A black bear (D:11)
  14 ogres
  2 necrophages (D:7)
  4 centaurs
  7 crocodiles
  34 wolves
  Blork the orc (D:5)
  16 bullfrogs
  2 big kobolds (D:9)
  Dowan (D:5)
  2 wyvern zombies
  A scorpion (D:10)
  3 troll zombies (D:12)
  12 wights
  31 killer bees
  4 spriggan skeletons (D:11)
  3 howler monkeys (D:7)
  2 electric eels (Lair:4)
  5 crimson imps
  A quasit (D:7)
  2 bullfrog skeletons
  4 hounds
  13 jellies
  Crazy Yiuf (D:5)
  2 human zombies (D:7)
  12 orc priests
  14 orc wizards
  2 centaur skeletons
  A human skeleton (D:7)
  2 iguanas
  Natasha (thrice) (D:2)
  7 worker ants
  4 ogre zombies (D:12)
  A hound zombie (D:6)
  An ogre skeleton (D:7)
  A hound skeleton (D:7)
  2 mummies (D:7)
  A worker ant zombie (D:6)
  Robin (D:4)
  11 gnolls
  13 adders
  4 shadow imps
  3 oozes
  3 worms
  A dart slug (D:2)
  6 leopard geckos
  48 orcs
  2 giant cockroaches (D:6)
  12 goblins
  12 hobgoblins
  15 kobolds
  7 quokkas
  2 ball pythons
  6 bats
  A frilled lizard (D:4)
  3 goblin skeletons (D:12)
  A goblin zombie (D:12)
  3 hobgoblin skeletons (D:12)
  4 hobgoblin zombies (D:12)
  A leopard gecko skeleton (D:5)
  An orc skeleton (D:12)
  13 orc zombies (D:12)
  6 rats
  4 plants (Lair:6)
583 creatures vanquished.

Vanquished Creatures (collateral kills)
  Kirke (Lair:4)
  4 dire elephants (Lair:6)
  An ogre mage (Orc:2)
  2 death yaks (Lair:1)
  4 two-headed ogres (Orc:2)
  An iron troll (Orc:2)
  An unseen horror (D:11)
  A manticore (D:11)
  An ice statue (IceCv)
  A komodo dragon (Lair:4)
  5 trolls (Orc:2)
  4 blink frogs (Lair:6)
  A yak (Lair:4)
  3 water moccasins
  4 ogres (Orc:2)
  An orc warrior (Orc:2)
  A wolf (Lair:5)
  An orc wizard (D:11)
  An adder (D:11)
  3 orcs (Orc:2)
  A plant (Lair:5)
42 creatures vanquished.

Vanquished Creatures (others)
  A naga (Lair:3)
  3 fungi
  12 plants
16 creatures vanquished.

Grand Total: 641 creatures vanquished

Notes
Turn   | Place    | Note
-------+----------+-------------------------------------------
     0 | D:1      | vurker the Ghoul Warper began the quest for the Orb.
     0 | D:1      | Reached XP level 1. HP: 17/17 MP: 2/2
   146 | D:1      | Reached skill level 1 in Armour
   689 | D:2      | Reached XP level 2. HP: 10/25 MP: 3/3
  1052 | D:2      | Reached skill level 3 in Unarmed Combat
  1052 | D:2      | Reached XP level 3. HP: 13/30 MP: 4/4
  1511 | D:2      | Noticed Natasha
  1521 | D:2      | Killed Natasha
  1521 | D:2      | Reached XP level 4. HP: 33/36 MP: 5/5
  1526 | D:2      | Noticed Natasha
  1533 | D:2      | Killed Natasha
  1624 | D:2      | Noticed Natasha
  1633 | D:2      | Killed Natasha
  1633 | D:2      | Reached XP level 5. HP: 35/45 MP: 6/6
  1755 | D:2      | Reached skill level 4 in Unarmed Combat
  2232 | D:3      | Found a stormy altar of Qazlal.
  2686 | D:3      | Found a shattered altar of Ashenzari.
  2793 | D:3      | Found a burning altar of Makhleb.
  2796 | D:3      | Became a worshipper of Makhleb the Destroyer
  2971 | D:4      | Noticed an ogre
  3087 | D:4      | Reached XP level 6. HP: 47/49 MP: 7/7
  3116 | D:4      | HP: 2/49 [ogre/+0 giant club (19)]
  3440 | D:4      | Noticed Menkaure
  3453 | D:4      | Killed Menkaure
  3453 | D:4      | Reached skill level 1 in Invocations
  3681 | D:4      | Reached skill level 5 in Unarmed Combat
  3681 | D:4      | Reached XP level 7. HP: 40/57 MP: 8/8
  4135 | D:4      | Noticed Robin
  4214 | D:4      | Killed Robin
  4343 | D:4      | Found a staircase to the Ecumenical Temple.
  4487 | D:5      | Entered Level 5 of the Dungeon
  4554 | D:5      | Found a runed translucent door.
  4555 | D:5      | Noticed Crazy Yiuf
  4634 | D:5      | Found Kaifysen's Antique Weapon Boutique.
  5537 | D:5      | Killed Crazy Yiuf
  5634 | D:6      | Noticed Blork the orc
  5639 | D:6      | Noticed Duvessa
  5641 | D:6      | Noticed Dowan
  5882 | D:5      | Killed Blork the orc
  5882 | D:5      | Reached skill level 6 in Unarmed Combat
  6010 | D:6      | Noticed Grinder
  6024 | D:6      | Reached XP level 8. HP: 59/67 MP: 9/9
  6062 | D:6      | Paralysed by Grinder for 4 turns
  6071 | D:6      | Paralysed by Grinder for 6 turns
  6082 | D:6      | Killed Grinder
  6084 | D:6      | Found Pegaw's Lightly-Used Armoury.
  6099 | D:6      | Reached * piety under Makhleb
  6334 | D:6      | Killed Duvessa
  6334 | D:6      | Reached skill level 5 in Fighting
  6334 | D:6      | Reached skill level 7 in Unarmed Combat
  6340 | D:5      | Killed Dowan
  6673 | D:6      | Noticed Edmund
  6702 | D:6      | Killed Edmund
  7149 | D:6      | Reached XP level 9. HP: 64/74 MP: 11/11
  7211 | D:6      | Found a shimmering blue altar of Sif Muna.
  7638 | D:7      | Reached ** piety under Makhleb
  7669 | D:7      | Reached skill level 8 in Unarmed Combat
  7878 | D:7      | Found a sparkling altar of Nemelex Xobeh.
  7887 | D:7      | Found a hide-covered altar of Uskayaw.
  7927 | D:7      | Reached skill level 5 in Dodging
  7939 | D:7      | Found Eroz's Gadget Emporium.
  8036 | D:7      | Found Edghar's Armour Shop.
  8046 | D:7      | Bought a +0 tower shield for 58 gold pieces
  8046 | D:7      | Bought a +0 pair of boots for 58 gold pieces
  8252 | D:7      | Found an ancient bone altar of Kikubaaqudgha.
  8263 | D:7      | Found Hoyprome's General Store.
  8271 | D:7      | Bought a potion of heal wounds for 60 gold pieces
  8346 | D:7      | Found Lotutom's Distillery.
  8382 | D:7      | Bought a potion of might for 52 gold pieces
  8465 | D:7      | Found Tyiraise's Armour Shop.
  8532 | D:7      | Reached skill level 5 in Invocations
  8546 | D:7      | Reached skill level 1 in Shields
  8581 | D:7      | Reached skill level 5 in Armour
  8581 | D:7      | Reached skill level 9 in Unarmed Combat
  8595 | D:7      | Found a basalt altar of Yredelemnul.
  8645 | D:7      | Reached XP level 10. HP: 84/84 MP: 13/13
  9907 | D:8      | Reached skill level 10 in Unarmed Combat
 10139 | D:8      | Reached *** piety under Makhleb
 10262 | D:8      | You fall into a shaft and drop 3 floors!
 10357 | D:11     | Noticed a manticore
 10366 | D:11     | Killed a manticore
 10741 | D:11     | Noticed a white ugly thing
 10743 | D:11     | Noticed a green ugly thing
 10787 | D:10     | Entered Level 10 of the Dungeon
 10797 | D:10     | HP: 4/86 [orc priest/divine providence (13)]
 11319 | D:8      | Reached XP level 11. HP: 77/93 MP: 15/15
 12034 | D:9      | Found a white marble altar of Elyvilon.
 12038 | D:9      | Reached skill level 11 in Unarmed Combat
 12133 | D:9      | Found a transporter.
 12136 | D:9      | Found a transporter.
 12136 | D:9      | Noticed Lineinam's ghost (novice DrCj)
 12307 | D:9      | Found a staircase to the Lair.
 12676 | D:9      | Reached **** piety under Makhleb
 13576 | D:11     | Killed a purple ugly thing
 13590 | D:11     | Killed a green ugly thing
 13913 | D:11     | Killed an unseen horror
 14791 | Lair:1   | Entered Level 1 of the Lair of Beasts
 15124 | Lair:1   | Reached skill level 5 in Shields
 15325 | Lair:1   | Reached skill level 12 in Unarmed Combat
 15544 | Lair:1   | Reached XP level 12. HP: 97/103 MP: 17/17
 15944 | Lair:2   | Reached ***** piety under Makhleb
 16204 | Lair:2   | Noticed a death yak
 16204 | Lair:2   | Noticed a death yak
 16205 | Lair:2   | Noticed a death yak
 16240 | Lair:1   | Killed a death yak
 16726 | Lair:2   | Noticed a death yak
 16732 | Lair:2   | Noticed a death yak
 17515 | Lair:1   | Killed a death yak
 17515 | Lair:1   | Reached skill level 13 in Unarmed Combat
 18179 | Lair:1   | Killed a death yak
 18224 | Lair:2   | Killed a death yak
 18459 | Lair:1   | Killed a death yak
 19394 | Lair:3   | Found a staircase to the Snake Pit.
 19458 | Lair:3   | Reached XP level 13. HP: 113/113 MP: 18/18
 19987 | Lair:4   | Reached skill level 10 in Fighting
 20493 | Lair:4   | Found a staircase to the Shoals.
 21395 | Lair:5   | Noticed Kirke
 21412 | Lair:4   | Killed Kirke
 21412 | Lair:4   | Reached skill level 14 in Unarmed Combat
 21981 | Lair:4   | Reached skill level 10 in Invocations
 22700 | Lair:6   | Entered Level 6 of the Lair of Beasts
 23038 | Lair:6   | Found a staircase to the Slime Pits.
 23755 | Lair:6   | Reached XP level 14. HP: 35/122 MP: 20/20
 24349 | Lair:6   | Reached skill level 15 in Unarmed Combat
 24786 | Lair:6   | Noticed a dire elephant
 24786 | Lair:6   | Noticed a dire elephant
 24819 | Lair:6   | Noticed a dire elephant
 25069 | Lair:6   | Killed a dire elephant
 25373 | Lair:6   | Found a staircase to the Slime Pits.
 25419 | Lair:6   | Noticed a dire elephant
 25435 | Lair:6   | Killed a dire elephant
 25445 | Lair:6   | Noticed a dire elephant
 25455 | Lair:6   | Killed a dire elephant
 25518 | Lair:6   | Noticed a dire elephant
 25532 | Lair:6   | Killed a dire elephant
 26412 | Lair:6   | Killed a dire elephant
 26417 | Lair:6   | Killed a dire elephant
 26617 | Lair:6   | Got a translucent ring mail
 26637 | Lair:6   | Identified the +1 ring mail "Coon" {*Contam rC++ MR+++
                  | Str-5} (You found it on level 6 of the Lair of Beasts)
 26839 | D:12     | Noticed Psyche
 26853 | D:11     | Killed Psyche
 26886 | D:12     | Found Feiphyos's Assorted Antiques.
 26889 | D:12     | Bought a scroll labeled DUMUIJU QISMIX for 30 gold pieces
 26889 | D:12     | Bought a scroll of identify for 60 gold pieces
 26891 | D:12     | Found Ybrikeckih's Food Emporium.
 26896 | D:12     | Found a staircase to the Orcish Mines.
 27942 | Orc:1    | Entered Level 1 of the Orcish Mines
 28276 | Orc:1    | Found Newek's Needful Niceties.
 28561 | Orc:2    | Entered Level 2 of the Orcish Mines
 28941 | Orc:2    | Found a frozen archway.
 28971 | IceCv    | Entered an ice cave
 29053 | IceCv    | Found a transporter.
 29082 | IceCv    | Found a transporter.
 29284 | Orc:2    | Found an iron altar of Okawaru.
 29335 | Orc:2    | Found a staircase to the Elven Halls.
 29561 | Orc:2    | Reached skill level 16 in Unarmed Combat
 29563 | Orc:2    | Noticed a stone giant
 29588 | Orc:1    | Mangled by a two-headed ogre

Illustrated notes

Levels and vault maps discovered:
D:1:      tarquinn_simple_flora_water_c, layout_rooms, grunt_decor_mini_mirrors
D:2:      layout_loops_ring, uniq_natasha
D:3:      layout_rooms, lemuel_doored_altar, nicolae_overflow_hidden_temple,
          lightli_temple_of_fire, first_ration, minmay_fractal_squares_5
D:4:      layout_loops_ring, minmay_temple_entry_gardened_gates, uniq_robin,
          uniq_menkaure
D:5:      layout_gridville, serial_shops, shop, uniq_crazy_yiuf_cottage
D:6:      layout_loops_ring, led_sif_book, minmay_shop_damaged,
          chequers_hall_statues_wall_a, serial_park_tiny_1,
          chequers_serial_rivers_small_3, uniq_edmund, uniq_duvessa,
          uniq_grinder, uniq_blork_the_orc
D:7:      minmay_bubble_buster, layout_loops_corners,
          gammafunk_temple_overflow_wave, lemuel_mausoleum_altar_yredelemnul,
          basic_altar, serial_shops, shop, nicolae_shop_statue_plus, shop,
          shop_coins, shop
D:8:      layout_basic, david_nohive_1, nicolae_straight_to_the_point
D:9:      layout_loops_ring, lemuel_crystal_altar, lair_entry_dummy,
          gammafunk_ghost_hive
D:10:     layout_cave_pools
D:11:     layout_long_grid, gauntlet_entry_generic, hangedman_tell_no_tales
D:12:     layout_rooms, zombieorc2_lemuel, serial_shops, shop, kennysheep_mini,
          uniq_psyche
Lair:1:   layout_gridlike
Lair:2:   cheibrodos_lair_overgrown_chateau, layout_regular_city
Lair:3:   layout_loops_ring, minmay_snake_entry_guardpost_medium, serial_rivers,
          chequers_serial_rivers_small_3, chequers_serial_rivers_micro_d,
          chequers_serial_rivers_micro_d, chequers_serial_rivers_small_3,
          chequers_serial_rivers_micro_a, chequers_serial_rivers_micro_d
Lair:4:   layout_small_grid, elwin_shoals_entry_rooms, serial_bayou_lagoon_b
Lair:5:   layout_misc_corridors, grunt_forest_large_clearings,
          infiniplex_staircase_pool, serial_bayou_shore_a, uniq_kirke
Lair:6:   due_jungle_book, layout_gridlike, minmay_slime_entry_jelly_boxes
Orc:1:    layout_caves, nicolae_alphabet_shops
Orc:2:    st_orc_open, layout_caves, portal_ice_cave_demonic_guard,
          okawaru_metal_pillars_1_2

Skill      XL: |  1  2  3  4  5  6  7  8  9 10 11 12 13 14 |
---------------+-------------------------------------------+-----
Armour         | 1 2 3 4 5 6 7 8 9 |  9.9
Dodging        | 2 3 4 5 |  5.0
Unarmed Combat | 3 4 5 6 7 9 10 12 13 14 16 | 16.0
Fighting       | 3 4 5 6 7 8 9 10 11 | 11.8
Invocations    | 1 2 4 5 6 8 9 10 11 | 11.3
Shields        | 1 3 5 6 7 8 |  8.7
Throwing       | |  0.8
Spellcasting   | |  1.7
Translocations | |  2.6

Action                   |  1- 3 |  4- 6 |  7- 9 | 10-12 | 13-15 || total
-------------------------+-------+-------+-------+-------+-------++-------
Melee: Unarmed           |   120 |   144 |   474 |  1062 |  1127 ||  2927
       Punch             |     1 |     1 |     9 |       |       ||    11
Throw: Boomerang         |       |     5 |       |       |       ||     5
Invok: Lesser Servant of |       |       |       |    13 |    18 ||    31
       Minor Destruction |       |       |       |     3 |    18 ||    21
       Greater Servant o |       |       |       |       |     2 ||     2
Evoke: Wand              |       |       |       |       |    21 ||    21
  Use: Scroll            |     8 |     2 |     3 |     5 |     6 ||    24
       Potion            |       |       |     2 |     3 |     1 ||     6
 Stab: Distracted        |       |       |       |       |     4 ||     4
  Eat: Chunk             |     5 |     5 |    19 |    41 |    55 ||   125
       Ration            |       |     1 |       |     2 |     4 ||     7
Armor: Leather armour    |    10 |       |       |       |       ||    10
       Scale mail        |    22 |    37 |   124 |   296 |   172 ||   651
       Ring mail         |       |       |       |       |   150 ||   150
Dodge: Dodged            |    42 |    52 |   155 |   187 |   305 ||   741
Block: Other             |    27 |    28 |    52 |       |       ||   107
       Reflection        |       |     2 |     1 |    16 |     5 ||    24
       Tower shield      |       |       |    54 |   961 |  1328 ||  2343

Table legend:
 A = Non-vault XP
 B = Vault XP
 C = Vault XP percentage of total XP
 D = Non-vault monster count
 E = Vault monster count
 F = Vault count percentage of total count
                 A         B        C        D         E       F
            +---------+---------+-------+---------+---------+-------
      Total |   53471 |   32496 |  37.8 |     409 |     212 |  34.1
            +---------+---------+-------+---------+---------+-------
        D:1 |       8 |       0 |   0.0 |       6 |       0 |   0.0
        D:2 |     155 |      33 |  17.6 |      21 |       1 |   4.5
        D:3 |      69 |      27 |  28.1 |      15 |       8 |  34.8
        D:4 |     211 |     205 |  49.3 |       9 |       9 |  50.0
        D:5 |     282 |     219 |  43.7 |       7 |       3 |  30.0
        D:6 |     657 |     581 |  46.9 |      17 |       3 |  15.0
        D:7 |    1068 |    1312 |  55.1 |      23 |      19 |  45.2
        D:8 |    1711 |    1075 |  38.6 |      19 |      14 |  42.4
        D:9 |    1987 |       0 |   0.0 |      38 |       0 |   0.0
       D:10 |     714 |       0 |   0.0 |      24 |       0 |   0.0
       D:11 |    4036 |    1388 |  25.6 |      36 |       8 |  18.2
       D:12 |    3973 |     846 |  17.6 |      25 |      36 |  59.0
     Lair:1 |    7776 |     279 |   3.5 |      26 |       2 |   7.1
     Lair:2 |    2167 |    4499 |  67.5 |      10 |      16 |  61.5
     Lair:3 |    1860 |     818 |  30.5 |       9 |       5 |  35.7
     Lair:4 |    5166 |    6020 |  53.8 |      19 |      26 |  57.8
     Lair:5 |    3959 |     844 |  17.6 |      17 |       6 |  26.1
     Lair:6 |   13770 |    3208 |  18.9 |      38 |      18 |  32.1
      Orc:1 |    2102 |       0 |   0.0 |      20 |       0 |   0.0
      Orc:2 |    1800 |    8594 |  82.7 |      30 |      28 |  48.3
      IceCv |       0 |    2548 | 100.0 |       0 |      10 | 100.0
            +---------+---------+-------+---------+---------+-------
